 Seeded DCSS version 0.29-a0-563-g64e4043184 (webtiles) character file.

Game seed: 9000320656952774908 (custom seed)

5355 a11behringer the Cleaver (level 10, -5/86 HPs)
             Began as a Minotaur Berserker on June 12, 2022.
             Was an Elder of Trog.
             Slain by an orc priest
             ... wielding a +0 morningstar
              (7 damage)
             ... on level 9 of the Dungeon.
             The game lasted 00:16:33 (6302 turns).

a11behringer the Cleaver (Minotaur Berserker)       Turns: 6302, Time: 00:16:33

Health: -5/86      AC: 16    Str: 26    XL:     10   Next: 38%
Magic:  9/9        EV:  8    Int:  4    God:    Trog [****..]
Gold:   556        SH:  0    Dex: 10    Spells: 9/9 levels left

rFire   . . .      SeeInvis .   p - +1 war axe (elec)
rCold   . . .      Faith    .   (no shield)
rNeg    . . .      Spirit   .   e - +0 plate armour
rPois   .          Reflect  .   (helmet restricted)
rElec   .          Harm     .   y - +0 cloak
rCorr   +          Rampage  .   (no gloves)
Will    .....                   s - +0 pair of boots
Stlth   ..........              x - amulet of regeneration
HPRegen 1.04/turn               u - ring of resist corrosion
MPRegen 0.11/turn               (no ring)

@: on berserk cooldown, slowed, very slow
A: horns 2, retaliatory headbutt
a: Renounce Religion, Berserk, Trog's Hand, Brothers in Arms


You were on level 9 of the Dungeon.
You worshipped Trog.
Trog was greatly pleased with you.
You visited 1 branch of the dungeon, and saw 9 of its levels.

You collected 556 gold pieces.

Inventory:

Hand Weapons
 a - a +0 hand axe
 i - a +2 whip of flaming
 p - a +1 war axe of electrocution (weapon)
 q - the +6 hand axe "Sorchuqo" {antimagic, Str+4 Int-3 Dex+2 Stlth+}
   (You found it on level 3 of the Dungeon)

   It reduces the magical energy of the wielder, and disrupts the spells and
   magical abilities of those it strikes.
   Natural abilities and divine invocations are not affected.
   Str:       It affects your strength (+4).
   Int:       It affects your intelligence (-3).
   Dex:       It affects your dexterity (+2).
   Stlth:     It makes you more stealthy.
 A - a +2 war axe of draining
 B - a +0 battleaxe
 E - the +7 hunting sling of the Valley {flame, rCorr Dex+3}
   (You found it on level 7 of the Dungeon)

   Any ammunition fired from it burns those it strikes, dealing additional fire
   damage.
   Dex:       It affects your dexterity (+3).
   rCorr:     It protects you from acid and corrosion.
Missiles
 J - a throwing net (quivered)
Armour
 b - a +0 animal skin
 e - a +0 plate armour (worn)
 n - a +1 robe of willpower
 s - a +0 pair of boots (worn)
 y - a +0 cloak (worn)
 O - a +0 troll leather armour
Jewellery
 h - an amulet of magic regeneration
 u - a ring of resist corrosion (left hand)
 x - an amulet of regeneration (around neck)
 F - a ring of magical power
 P - an amulet of faith
Wands
 C - a wand of acid (5)
 H - a wand of iceblast (6)
 L - a wand of charming (6)
Scrolls
 f - a scroll of teleportation
 g - 4 scrolls of enchant armour
 j - 2 scrolls of vulnerability
 r - a scroll of noise {unknown}
 t - a scroll of magic mapping {unknown}
 v - a scroll of summoning {unknown}
 w - a scroll of amnesia
 K - a scroll of immolation {unknown}
 M - a scroll of fear {unknown}
Potions
 c - 3 potions of brilliance
 d - a potion of haste
 k - a potion of cancellation
 l - a potion of magic
 m - 3 potions of mutation
 o - 7 potions of curing
 z - a potion of might {unknown}
 D - 2 potions of degeneration
 G - a potion of heal wounds
 I - 2 potions of lignification {unknown}
 N - a potion of ambrosia {unknown}


   Skills:
 + Level 7.5 Fighting
 * Level 14.8 Axes
 + Level 9.0 Armour
 + Level 3.4 Dodging


You had 9 spell levels left.
You didn't know any spells.
Your spell library was empty.

Dungeon Overview and Level Annotations

Branches:
Dungeon (9/15)             Temple (0/1) D:7
   Lair: D:8-11         Orc: D:9-12

Altars:

Annotations:
D:8 3 runed translucent doors, Dordric's ghost, journeyman FoHu; SuperHamster's ghost, novice OpCj; peter4's ghost, novice TrFi; testman's ghost, novice MeFi
D:9 Erolcha


Innate Abilities, Weirdness & Mutations

You have a pair of horns on your head.
You reflexively headbutt those who attack you in melee.


Message History

Trog accepts your kill.
You hear some strange, mumbled words.
A fireball appears from out of thin air!
The fireball explodes!
The fireball engulfs you!
Your Armour skill increases to level 9!
Items here: )))) [[[[ †.
An orc comes into view. It is wielding a +0 club.
Things that are here:
a +5 great sword of freezing; a +0 robe; a +0 shortbow An orc wizard comes into view.
It is wielding a +0 dagger.
The orc wizard shouts!
The orc warrior hits you with a +0 mace!
The orc priest casts a cantrip, but nothing happens.
Things that are here:
a +4 scimitar; a +0 robe You completely miss the orc warrior.
The orc warrior hits you but does no damage.
You slice the orc warrior!!
Lightning courses through the orc warrior!
You kill the orc warrior!
Trog accepts your kill. Something hits you!
The orc priest calls down the wrath of Beogh upon you.
Beogh smites you!
* * * LOW HITPOINT WARNING * * *
You slash the orc priest! Your headbutt misses the orc priest.
The orc priest is heavily wounded.
You slash something!
The orc priest hits you but does no damage.
You hit the orc priest. Your headbutt misses the orc priest.
The orc priest is heavily wounded.
You slash something!
You hear some strange, mumbled words.
Something hits you!!
* * * LOW HITPOINT WARNING * * *
The orc hits you with a +0 club.
* * * LOW HITPOINT WARNING * * *
The orc wizard hits you but does no damage.
The orc priest hits you with a +0 morningstar!
You die...

...###...................#
..## #...........#........
..####..##..#....#........
..#....##..###..##........
.......#....##............
......)............)(.....
.................).)..#
...........#..##{o)...#
..............##@))#......
.....#.........o#o##.#....
.....#..>......##... . ...
..................#...{ ..
..................#..... #
................... ....#
................( ...#
................. .##


You could see an orc priest, an orc wizard and an orc.

Vanquished Creatures
  A two-headed ogre (D:9)
  Pikel (D:7)
  Psyche (D:9)
  A troll (D:9)
  Prince Ribbit (D:7)
  Sigmund (D:2)
  2 wyverns (D:9)
  A wraith (D:9)
  Menkaure (D:7)
  A water moccasin (D:7)
  2 orc warriors
  A sky beast (D:7)
  2 black bears
  An ice beast (D:7)
  3 ogres
  2 centaurs
  2 phantoms (D:6)
  4 bullfrogs
  A kobold brigand (D:8)
  A scorpion (D:5)
  9 wights (D:9)
  3 howler monkeys
  2 jellies (D:6)
  Crazy Yiuf (D:6)
  A gnoll shaman (D:8)
  3 orc priests
  4 hounds
  Jessica (D:2)
  3 iguanas
  2 orc wizards (D:6)
  13 gnolls
  7 adders
  2 white imps
  2 dart slugs
  16 orcs
  7 ball pythons
  10 bats
  8 endoplasms
  4 giant cockroaches
  7 goblins
  8 hobgoblins
  3 jackals (D:2)
  4 quokkas
  2 frilled lizards
  8 kobolds
  6 rats
166 creatures vanquished.

Vanquished Creatures (others)
  A plant (D:1)
  2 withered plants (D:8)
3 creatures vanquished.

Grand Total: 169 creatures vanquished

Notes
Turn   | Place    | Note
-------+----------+-------------------------------------------
     0 | D:1      | a11behringer the Minotaur Berserker began the quest for the
                  | Orb.
     0 | D:1      | Reached XP level 1. HP: 19/19 MP: 0/0
    39 | D:1      | Reached skill level 4 in Axes
    77 | D:1      | Reached XP level 2. HP: 25/27 MP: 1/1
   287 | D:1      | Found a faded altar of an unknown god.
   323 | D:1      | Reached ** piety under Trog
   475 | D:1      | Reached XP level 3. HP: 33/33 MP: 2/2
   887 | D:2      | Reached skill level 5 in Axes
   926 | D:2      | Noticed Sigmund
   933 | D:2      | Killed Sigmund
   934 | D:2      | Reached skill level 6 in Axes
   934 | D:2      | Reached XP level 4. HP: 41/41 MP: 3/3
   934 | D:2      | Reached XP level 5. HP: 47/47 MP: 4/4
  1000 | D:2      | Noticed Jessica
  1009 | D:2      | Killed Jessica
  1417 | D:2      | Reached XP level 6. HP: 53/53 MP: 5/5
  1754 | D:3      | Identified the +6 hand axe "Sorchuqo" {antimagic, Str+4
                  | Int-3 Dex+2 Stlth+}
  2024 | D:3      | Reached skill level 7 in Axes
  2671 | D:4      | Reached *** piety under Trog
  2829 | D:5      | Entered Level 5 of the Dungeon
  2834 | D:5      | Reached skill level 8 in Axes
  2834 | D:5      | Reached XP level 7. HP: 29/60 MP: 6/6
  3433 | D:5      | Reached skill level 5 in Fighting
  3739 | D:6      | Reached skill level 9 in Axes
  3772 | D:6      | Found a runed translucent door.
  3773 | D:6      | Noticed Crazy Yiuf
  3859 | D:6      | Killed Crazy Yiuf
  3909 | D:6      | Reached skill level 5 in Armour
  3989 | D:6      | Reached XP level 8. HP: 67/68 MP: 7/7
  4019 | D:6      | Reached skill level 10 in Axes
  4883 | D:7      | Identified the +7 hunting sling of the Valley {flame, rCorr
                  | Dex+3}
  4929 | D:7      | Reached skill level 11 in Axes
  4965 | D:7      | Found a staircase to the Ecumenical Temple.
  5194 | D:7      | Reached XP level 9. HP: 75/75 MP: 8/8
  5214 | D:7      | Reached **** piety under Trog
  5215 | D:7      | Reached skill level 12 in Axes
  5411 | D:7      | Noticed Menkaure
  5417 | D:7      | Killed Menkaure
  5435 | D:7      | Noticed Prince Ribbit
  5446 | D:7      | Killed Prince Ribbit
  5450 | D:7      | Noticed Pikel
  5459 | D:7      | Killed Pikel
  5460 | D:7      | Reached skill level 13 in Axes
  5918 | D:8      | Found a runed translucent gate.
  5919 | D:8      | Found a runed translucent gate.
  5919 | D:8      | Found a runed translucent gate.
  5919 | D:8      | Noticed peter4's ghost (novice TrFi)
  5920 | D:8      | Noticed testman's ghost (novice MeFi)
  5921 | D:8      | Noticed SuperHamster's ghost (novice OpCj)
  5921 | D:8      | Noticed Dordric's ghost (journeyman FoHu)
  6176 | D:9      | Noticed a troll
  6182 | D:9      | Killed a troll
  6207 | D:9      | Noticed Psyche
  6216 | D:9      | Killed Psyche
  6257 | D:9      | Noticed a two-headed ogre
  6264 | D:9      | Killed a two-headed ogre
  6265 | D:9      | Reached skill level 14 in Axes
  6265 | D:9      | Reached XP level 10. HP: 86/86 MP: 9/9
  6290 | D:9      | Noticed Erolcha
  6301 | D:9      | HP: 2/86 [something (18)]
  6302 | D:9      | Slain by an orc priest

Illustrated notes

Levels and vault maps discovered:
D:1:      dpeg_arrival_orchard, layout_rooms, hellmonk_ecumenical_altar_zigzags
D:2:      layout_basic, uniq_sigmund, uniq_jessica
D:3:      layout_basic
D:4:      layout_gridville
D:5:      layout_loops_ring
D:6:      layout_cave_pods, corexii_corridor_pit, uniq_crazy_yiuf_cottage
D:7:      layout_loops_ring, minmay_temple_entry_overgrown, uniq_menkaure,
          uniq_pikel, uniq_prince_ribbit1
D:8:      layout_loops_ring, gammafunk_ghost_cemetery
D:9:      layout_cave_pools, uniq_harold, uniq_erolcha, uniq_psyche

Skill      XL: |  1  2  3  4  5  6  7  8  9 10 |
---------------+-------------------------------+-----
Axes           | 4 6 8 9 11 14 | 14.8
Fighting       | 4 5 6 7 |  7.5
Armour         | 3 4 5 6 8 9 |  9.0
Dodging        | 3 |  3.4

Action                   |  1- 3 |  4- 6 |  7- 9 | 10-12 || total
-------------------------+-------+-------+-------+-------++-------
Melee: Hand axe          |    84 |    32 |       |       ||   116
       Headbutt          |    12 |     9 |    31 |     1 ||    53
       War axe           |       |    72 |   189 |    18 ||   279
       Punch             |       |     2 |     4 |       ||     6
Invok: Trog's Hand       |     1 |     1 |     4 |     1 ||     7
       Berserk           |     1 |     1 |     4 |       ||     6
  Use: Scroll            |       |       |    12 |       ||    12
       Potion            |       |       |       |     1 ||     1
 Stab: Invisible         |       |       |     2 |       ||     2
Armor: Animal skin       |     6 |       |       |       ||     6
       Plate armour      |    46 |    63 |    86 |    22 ||   217
Dodge: Dodged            |    45 |    37 |    75 |    32 ||   189

Table legend: (Time is in decaauts)
 A = Elapsed time spent in this place.
 B = Non-inter-level travel time spent in this place.
 C = Inter-level travel time spent in this place.
 D = Time resting spent in this place.
 E = Time spent auto-exploring this place.
 F = Levels seen in this place.
 G = Mean time per level.
                   A        B        C        D        E       F      G
               +--------+--------+--------+--------+--------+-----+--------+
         Total |   6355 |   5891 |    464 |      0 |   4875 |   9 |  706.1 |
       Dungeon |   6355 |   5891 |    464 |      0 |   4875 |   9 |  706.1 |
               +--------+--------+--------+--------+--------+-----+--------+

Top non-repeatable levels by time:
     D:6: 1124 daAuts
     D:3: 979 daAuts
     D:2: 881 daAuts
     D:5: 863 daAuts
     D:7: 759 daAuts
     D:8: 604 daAuts
     D:1: 596 daAuts
     D:4: 396 daAuts
     D:9: 150 daAuts
